Map: Prion Terraces

Players

juhyg

  • Race: Zerg Zerg
  • League: Bronze

Riot - Winner!

  • Race: Terran Terran

VOD

Have the link to the VOD?

Description

Time

  • Played on: Feb. 5, 2016, 5:16 p.m.
  • Length: 6:15
Show
View Real Time Build Order
Export as new Build Order

juhyg Zerg 

Build Orders: Pool First 

Get SALT Encoding   

  12  0:19  Spawning Pool  
  11  0:32  Drone x3  
  14  0:43  Overlord  
  14  1:07  Zergling x4  
  16  1:13  Queen  
  18  1:23  Zergling x2  
  19  1:41  Zergling x2  
  19  1:42  Zergling x2  
  21  1:54  Zergling x2  
  22  1:57  Extractor  
  21  2:12  Zergling x2  
  21  2:40  Drone  
  21  2:41  Overlord x3  
  21  2:42  Overlord  
  22  3:03  Roach Warren  
  21  3:06  Drone, Extractor  
  21  3:07  Drone  
  21  3:08  Drone  
  21  3:09  Drone x2  
  25  3:13  Metabolic Boost  
  25  3:35  Drone x2  
  25  3:37  Drone  
  28  3:46  Hatchery  
  27  3:53  Roach x3  
  33  4:02  Drone  
  34  4:29  Drone x2  
  34  4:30  Roach x2  
  34  4:31  Roach  
  42  4:56  Hatchery  
  41  5:12  Lair  
  41  5:24  Spore Crawler  
  41  5:25  Spore Crawler x2  
  38  5:29  Drone x2  
  38  5:30  Drone, Spore Crawler  
  40  5:47  Drone  
  40  5:48  Drone x4  
Show
View Real Time Build Order
Export as new Build Order

Riot Terran - Winner!

Build Orders:  

Get SALT Encoding   

  12  0:00  SCV  
  13  0:13  SCV  
  14  0:18  Supply Depot  
  14  0:25  SCV  
  15  0:40  SCV  
  15  0:42  Barracks  
  16  0:45  Refinery  
  16  0:52  SCV  
  17  1:04  Barracks  
  17  1:06  SCV  
  18  1:18  SCV  
  18  1:22  Supply Depot  
  19  1:36  Barracks Tech Lab  
  19  1:47  Orbital Command  
  19  1:54  Barracks Reactor  
  19  1:56  Marauder  
  20  2:33  SCV  
  20  2:36  Marine x2  
  23  2:42  Command Center  
  23  2:45  SCV  
  24  2:53  Factory  
  24  2:54  Marine x2  
  26  3:00  SCV  
  26  3:03  Refinery  
  27  3:07  Stimpack  
  27  3:12  SCV  
  28  3:21  Marine x2  
  28  3:24  SCV  
  31  3:46  Supply Depot  
  31  3:53  Marine x2, SCV  
  31  3:54  Marauder, Factory Tech Lab  
  36  4:09  Supply Depot  
  36  4:19  Marine  
  36  4:20  Marauder  
  36  4:21  Marine  
  40  4:27  SCV  
  41  4:32  Supply Depot  
  41  4:33  Siege Tank  
  41  4:37  Marine  
  45  4:41  Marauder  
  45  4:45  Barracks  
  47  4:50  Starport  
  47  4:57  Marine x2  
  49  5:02  Supply Depot, Marine  
  49  5:05  Siege Tank  
  53  5:17  Marine x2  
  55  5:23  Marauder  
  55  5:25  Supply Depot  
  57  5:30  Engineering Bay  
  57  5:48  SCV  
  59  6:00  SCV  
Tags
 
Add a new tag
Caveats
  • Supply blocks, unpowered buildings, or Contaminate may cause inaccurate times.
  • Supply counts are checked every 10 seconds.